 Dungeon Crawl Stone Soup version 0.29-a0-919-gd064cfad1c (webtiles) character file.

Game seed: 2713928433933003481

4 IdlyInterested the Covered (level 1, 0/14 HPs)
             Began as a Demonspawn Wanderer on July 26, 2022.
             Slain by a rat (2 damage)
             ... on level 1 of the Dungeon.
             The game lasted 00:01:02 (79 turns).

IdlyInterested the Covered (Demonspawn Wanderer)      Turns: 79, Time: 00:01:02

Health: 0/14       AC:  5    Str: 13    XL:     1   Next: 50%
Magic:  2/2        EV: 10    Int: 16    God:
Gold:   9          SH:  0    Dex:  8    Spells: 2/2 levels left

rFire   . . .      SeeInvis .   a - +0 club
rCold   . . .      Faith    .   (no shield)
rNeg    . . .      Spirit   .   c - +0 ring mail
rPois   .          Reflect  .   (no helmet)
rElec   .          Harm     .   (no cloak)
rCorr   .          Rampage  .   (no gloves)
Will    .....                   (no boots)
Stlth   ..........              (no amulet)
HPRegen 0.04/turn               (no ring)
MPRegen 0.08/turn               (no ring)

@: no status effects
A: no striking features
a: no special abilities


You were on level 1 of the Dungeon.
You visited 1 branch of the dungeon, and saw 1 of its levels.

You collected 9 gold pieces.

Inventory:

Hand Weapons
 a - a +0 club (weapon)
Armour
 c - a +0 ring mail (worn)
Scrolls
 b - a scroll of teleportation


   Skills:
 * Level 0.6 Fighting
 + Level 0.2 Maces & Flails
 + Level 2.7 Armour
 - Level 1.0 Dodging
 - Level 1.0 Spellcasting
 - Level 2.0 Hexes
 - Level 1.7 Transmutations
 - Level 1.2 Invocations


You had 2 spell levels left.
You didn't know any spells.
Your spell library contained the following spells:

 Spells                   Type           Power      Damage    Failure   Level
 Slow                     Hex            28%        N/A       21%         1
 Beastly Appendage        Tmut           12%        N/A       22%         1
 Wereblood                Tmut           6%         N/A       34%         2
 Passwall                 Tmut/Erth      2%         N/A       45%         2
 Confusing Touch          Hex            7%         N/A       52%         3


Dungeon Overview and Level Annotations

Branches:
Dungeon (1/15)

Altars:


Message History

You see here a rat corpse.
A goblin comes into view. It is wielding a +0 dagger.
You see here a scroll labelled HEOGROIQIE.
A rat comes into view.
You barely miss the goblin. The goblin misses you.
The goblin closely misses you.
You closely miss the goblin. The goblin hits you but does no damage.
The goblin attacks as you move away! The goblin hits you but does no damage.
The rat twitches its whiskers.
You see here a scroll labelled HEOGROIQIE.
The goblin attacks as you move away! The goblin barely misses you.
You closely miss the goblin. The goblin closely misses you.
You closely miss the goblin. The goblin closely misses you.
You closely miss the goblin. The goblin hits you but does no damage.
The goblin closely misses you.
You closely miss the goblin. The goblin hits you with a +0 dagger.
You hit the goblin.
The goblin is moderately wounded.
The goblin misses you.
You hit the goblin but do no damage.
The goblin is moderately wounded.
The goblin hits you but does no damage. x2
You barely miss the goblin.
The goblin is moderately wounded.
The goblin hits you but does no damage.
You hit the goblin.
The goblin is severely wounded.
The goblin hits you with a +0 dagger.
* * * LOW HITPOINT WARNING * * *
You hit the goblin.
You kill the goblin!
You barely miss the rat. The rat closely misses you. The rat bites you.
* * * LOW HITPOINT WARNING * * *
You completely miss the rat. The rat closely misses you.
You barely miss the rat. The rat closely misses you.
You closely miss the rat. The rat misses you. The rat barely misses you.
You barely miss the rat. The rat bites you but does no damage.
You closely miss the rat. The rat barely misses you.
You closely miss the rat. The rat bites you.
You die...

.. #.# .. #.#
.. #.## #..#
#@# # #r##.#
#######..#.#
##.......?..#
#.....†.#.#.#
#.......+...#
#.......#...#
#.......#...#
#.......#.#.#


You could see a rat.

Vanquished Creatures
  A bat (D:1)
  A ball python (D:1)
  A goblin (D:1)
  2 rats (D:1)
5 creatures vanquished.

Notes
Turn   | Place    | Note
-------+----------+-------------------------------------------
     0 | D:1      | IdlyInterested the Demonspawn Wanderer began the quest for
                  | the Orb.
     0 | D:1      | IdlyInterested set off with the following items: a +0 club,
                  | a scroll of teleportation, a +0 ring mail; and the
                  | following spells available to memorise: Slow, Beastly
                  | Appendage, Wereblood, Passwall, Confusing Touch.
     0 | D:1      | Reached XP level 1. HP: 13/13 MP: 2/2
    79 | D:1      | Slain by a rat

Illustrated notes

Levels and vault maps discovered:
D:1:      minmay_arrival_stone_box, layout_basic,
          dreamdust_ecumenical_altar_hidden_monk_grotto, item_on_display_a

Action                   || total
-------------------------++-------
Melee: Club              ||    37
Armor: Ring mail         ||    16
Dodge: Dodged            ||    32

Table legend: (Time is in decaauts)
 A = Elapsed time spent in this place.
 B = Non-inter-level travel time spent in this place.
 C = Inter-level travel time spent in this place.
 D = Time resting spent in this place.
 E = Time spent auto-exploring this place.
 F = Levels seen in this place.
 G = Mean time per level.
                   A        B        C        D        E       F      G
               +--------+--------+--------+--------+--------+-----+--------+
         Total |     89 |     89 |      0 |      0 |     15 |   1 |   89.0 |
       Dungeon |     89 |     89 |      0 |      0 |     15 |   1 |   89.0 |
               +--------+--------+--------+--------+--------+-----+--------+

Top non-repeatable levels by time:
     D:1: 89 daAuts
